 Dungeon Crawl Stone Soup version 0.26-a0-597-gb535b0901c (webtiles) character file.

Game seed: 1504622493598905676

1079 Lanoc the Skirmisher (level 8, -1/71 HPs)
             Began as a Minotaur Delver on Sept 3, 2020.
             Was a Believer of Zin.
             Shot with an arrow by a centaur (13 damage)
             ... on level 6 of the Dungeon.
             The game lasted 00:05:51 (5351 turns).

Lanoc the Skirmisher (Minotaur Delver)              Turns: 5351, Time: 00:05:51

Health: -1/71      AC:  3    Str: 18    XL:     8   Next: 8%
Magic:  10/10      EV: 14    Int:  7    God:    Zin [**....]
Gold:   164        SH:  0    Dex: 13    Spells: 7/7 levels left

rFire    . . .     SeeInvis .   a - +0 falchion
rCold    . . .     Faith    .   (no shield)
rNeg     . . .     Spirit   .   b - +0 leather armour
rPois    .         Reflect  .   (helmet restricted)
rElec    .         Harm     .   (no cloak)
rCorr    .                      (no gloves)
MR       .....                  (no boots)
Stlth    ++........             (no amulet)
HPRegen  0.21/turn              (no ring)
MPRegen  0.12/turn              (no ring)

@: no status effects
A: retaliatory headbutt, horns 2
a: Recite, Vitalisation, Donate Gold, Renounce Religion


You were on level 6 of the Dungeon.
You worshipped Zin.
Zin was pleased with you.
You visited 2 branches of the dungeon, and saw 5 of its levels.

You collected 207 gold pieces.
You donated 43 gold pieces to Zin.

Inventory:

Hand Weapons
 a - a +0 falchion (weapon)
Armour
 b - a +0 leather armour (worn)
 w - a +0 kite shield
Wands
 g - a wand of digging (3)
 v - a wand of flame (19)
Scrolls
 c - a scroll of fog
 d - 2 scrolls of magic mapping
 e - 4 scrolls of fear
 h - 4 scrolls of amnesia {unknown}
 i - 3 scrolls of identify {unknown}
 j - 2 scrolls of teleportation {unknown}
 k - 3 scrolls of remove curse {unknown}
 l - a scroll of random uselessness {unknown}
 p - 2 scrolls of noise {unknown}
 t - a scroll of enchant weapon {unknown}
Potions
 f - 2 potions of haste
 m - a potion of cancellation {unknown}
 n - 2 potions of degeneration {unknown}
 o - 2 potions of curing
 q - a potion of flight {unknown}
 r - a potion of resistance {unknown}
 s - a potion of magic {unknown}
 u - a potion of lignification {unknown}


   Skills:
 + Level 6.6 Fighting
 + Level 3.5 Long Blades
 + Level 5.3 Armour
 + Level 5.4 Dodging
 - Level 4.1 Stealth
 + Level 4.1 Invocations


You had 7 spell levels left.
You didn't know any spells.
Your spell library was empty.

Dungeon Overview and Level Annotations

Branches:
Dungeon (6/15)             Temple (1/1) D:5

Altars:
Cheibriados
Dithmenos
Fedhas
Hepliaklqana
Kikubaaqudgha
Makhleb
Nemelex Xobeh
Okawaru
Qazlal
Ru
Vehumet
Xom
Zin
The Shining One


Innate Abilities, Weirdness & Mutations

You reflexively headbutt those who attack you in melee.
You have a pair of horns on your head.


Message History

The centaur hits you.
A shadow imp comes into view.
The water moccasin zombie bites you. The centaur hits you.
You completely miss the centaur.
The centaur is moderately wounded.
The water moccasin zombie bites you. The centaur hits you.
* * * LOW HITPOINT WARNING * * *
The centaur wields a +0 shortbow.
The centaur shoots an arrow.
The arrow hits you.
* * * LOW HITPOINT WARNING * * *
The shadow imp gestures at you. Pain shoots through your body!
* * * LOW HITPOINT WARNING * * *
The water moccasin zombie bites you.
* * * LOW HITPOINT WARNING * * *
The centaur shoots an arrow.
The arrow misses you.
You see here an arrow.
It was a potion of curing.
You feel better.
The centaur shoots an arrow.
The arrow hits you!
You die...

#.# ##.### ...#..
#?.#.# #..#.#
#..#.# #.c#.#
#.#####..#.#
#...5..@Z(.#
#####....()#
#.....(#
.[.........()......
......(............
######<.....(......
##############


You could see a centaur, a shadow imp and a water moccasin zombie.

Vanquished Creatures
  Menkaure (D:4)
  A sky beast (D:5)
  2 phantoms (D:4)
  An ogre (D:5)
  A centaur (D:5)
  A bullfrog zombie (D:5)
  2 hounds (D:5)
  An orc priest (D:5)
  Jessica (D:3)
  2 iguanas
  4 orc wizards
  4 worker ants
  3 gnolls (D:3)
  A howler monkey skeleton (D:5)
  4 adders
  An ooze (D:4)
  2 worms (D:3)
  An adder skeleton (D:4)
  11 orcs
  4 bats (D:3)
  A hobgoblin (D:3)
  A quokka (D:3)
  2 frilled lizards
  2 goblins (D:3)
  2 kobolds
  A leopard gecko zombie (D:5)
  A quokka skeleton (D:5)
  2 rats (D:3)
60 creatures vanquished.

Vanquished Creatures (others)
  An adder skeleton (D:6)
1 creature vanquished.

Grand Total: 61 creatures vanquished

Notes
Turn   | Place    | Note
-------+----------+-------------------------------------------
     0 | D:5      | Lanoc the Minotaur Delver began the quest for the Orb.
     0 | D:5      | Reached XP level 1. HP: 19/19 MP: 0/0
     8 | D:5      | Found a staircase to the Ecumenical Temple.
    15 | D:5      | Reached skill level 1 in Armour
    15 | D:5      | Reached XP level 2. HP: 24/27 MP: 1/1
    21 | Temple   | Entered the Ecumenical Temple
   227 | Temple   | Became a worshipper of Zin the Law-Giver
   246 | D:5      | Found a hazy altar of Hepliaklqana.
   247 | D:5      | Noticed a sky beast
   248 | D:5      | Noticed an ogre
   249 | D:5      | Found a shadowy altar of Dithmenos.
   249 | D:5      | Noticed a shadow
   373 | D:5      | Reached skill level 4 in Fighting
   373 | D:5      | Reached XP level 3. HP: 8/33 MP: 2/2
   374 | D:5      | Reached skill level 1 in Invocations
   652 | D:5      | Reached XP level 4. HP: 28/41 MP: 2/4
   846 | D:5      | Reached XP level 5. HP: 38/47 MP: 5/5
  1028 | D:5      | Donated 23 gold pieces to Zin
  1032 | D:5      | Killed an ogre
  1032 | D:5      | Reached skill level 5 in Fighting
  1183 | D:5      | Reached XP level 6. HP: 48/56 MP: 6/6
  1983 | D:4      | Found an ancient bone altar of Kikubaaqudgha.
  2374 | D:3      | Reached * piety under Zin
  2380 | D:3      | Noticed Jessica
  2384 | D:3      | Killed Jessica
  2995 | D:4      | Noticed Menkaure
  3002 | D:4      | Killed Menkaure
  3002 | D:4      | Reached ** piety under Zin
  3002 | D:4      | Reached XP level 7. HP: 54/62 MP: 8/8
  3086 | D:4      | Reached skill level 6 in Fighting
  3646 | D:4      | Got a polished whip
  3647 | D:4      | Identified the +9 whip "Kicwoy" {drain, SInv} (You found it
                  | on level 4 of the Dungeon)
  3708 | D:4      | Reached skill level 5 in Dodging
  4369 | D:4      | Found a glowing golden altar of the Shining One.
  4711 | D:5      | Found a radiant altar of Vehumet.
  4792 | D:5      | Reached skill level 5 in Armour
  4804 | D:5      | Reached XP level 8. HP: 13/71 MP: 10/10
  5350 | D:6      | HP: 3/71 [water moccasin zombie (3)]
  5351 | D:6      | Shot with an arrow by a centaur

Illustrated notes

Levels and vault maps discovered:
D:3:      layout_loops_ring, uniq_jessica
D:4:      layout_gridville, kennysheep_mini_moat, lemuel_round_altar,
          uniq_menkaure
D:5:      layout_basic, riverfiend_overflow_shadow_ancestor,
          vehumet_altar_wand_db, minmay_temple_entry_stoned_glass
D:6:      layout_loops_ring, nicolae_overflow_hidden_temple, lemuel_round_altar
Temple:   chequers_temple_sunken

Skill      XL: |  1  2  3  4  5  6  7 |
---------------+----------------------+-----
Armour         | 1 2 3 4 5 |  5.3
Fighting       | 4 5 6 |  6.6
Dodging        | 3 4 5 |  5.4
Invocations    | 1 2 3 4 |  4.1
Long Blades    | 3 |  3.5
Stealth        | |  4.1

Action                   |  1- 3 |  4- 6 |  7- 9 || total
-------------------------+-------+-------+-------++-------
Melee: Falchion          |    26 |    85 |   110 ||   221
       Headbutt          |     5 |    23 |    30 ||    58
Invok: Donate Gold       |       |     1 |       ||     1
  Use: Potion            |     1 |       |     1 ||     2
 Stab: Sleeping          |       |     7 |     4 ||    11
Armor: Leather armour    |     5 |    14 |    16 ||    35
Dodge: Dodged            |     9 |    55 |    71 ||   135
       Rpst.: Falchion   |       |    14 |    25 ||    39

Table legend: (Time is in decaauts)
 A = Elapsed time spent in this place.
 B = Non-inter-level travel time spent in this place.
 C = Inter-level travel time spent in this place.
 D = Time resting spent in this place.
 E = Time spent auto-exploring this place.
 F = Levels seen in this place.
 G = Mean time per level.
                   A        B        C        D        E       F      G
               +--------+--------+--------+--------+--------+-----+--------+
         Total |   5472 |   5402 |     70 |    679 |   3950 |   5 | 1094.4 |
       Dungeon |   5191 |   5121 |     70 |    679 |   3697 |   4 | 1297.8 |
        Temple |    281 |    281 |      0 |      0 |    253 |   1 |  281.0 |
               +--------+--------+--------+--------+--------+-----+--------+

Top non-repeatable levels by time:
     D:4: 2096 daAuts
     D:5: 2084 daAuts
     D:3: 978 daAuts
  Temple: 281 daAuts
     D:6: 32 daAuts
